 Dungeon Crawl Stone Soup version 0.30.0-29-ga12c61a403 (webtiles) character file.

Game seed: 18445520580401240542

78368 seaoflcl the Tortoise (level 15, -1/132 HPs)
             Began as a Minotaur Fighter on June 14, 2023.
             Was the Champion of the Shining One.
             Constricted to death by an anaconda (3 damage)
             ... on level 1 of the Snake Pit.
             The game lasted 00:50:17 (26297 turns).

seaoflcl the Tortoise (Minotaur Fighter)           Turns: 26297, Time: 00:50:19

Health: -1/132     AC: 22    Str: 28    XL:     15   Next: 18%
Magic:  23/23      EV:  6    Int: 16    God:    the Shining One [******]
Gold:   444        SH: 16    Dex: 10    Spells: 14/14 levels left

rFire   . . .        p - +10 falchion "Jytzo" {flame, Int+6}
rCold   . . .        n - +0 kite shield "Reed" {rElec Will+ Stlth+}
rNeg    + + +        z - +0 plate armour
rPois   +            X - +0 hat
rElec   +            A - +0 cloak
rCorr   .            k - +0 pair of gloves
SInv    +            g - +0 pair of boots
Will    ++...        V - amulet of reflection Stlth
                     q - ring of see invisible
HPRegen 0.42/turn    P - ring "Lules" {rPois MP+9 Int+5}
MPRegen 0.18/turn

%: reflection
@: glowing, constricted
A: horns 2, retaliatory headbutt
a: Renounce Religion, Divine Shield, Cleansing Flame, Summon Divine Warrior,
Brand Weapon With Holy Wrath


You were on level 1 of the Snake Pit.
You worshipped the Shining One.
The Shining One was exalted by your worship.
You visited 5 branches of the dungeon, and saw 22 of its levels.

You collected 1840 gold pieces.
You spent 1396 gold pieces at shops.

Inventory:

Hand Weapons
 e - a +5 war axe of freezing
 f - the +5 mace "Puuxkyirr" {distort, Drain rCorr Dex+4 Stlth+}
   (You found it on level 9 of the Dungeon)

   Dex:       It affects your dexterity (+4).
   rCorr:     It protects you from acid and corrosion.
   Drain:     It drains your maximum health when unequipped.
   Stlth:     It makes you more stealthy.
 p - the +10 falchion "Jytzo" (weapon) {flame, Int+6}
   (You found it on level 12 of the Dungeon)

   Int:       It affects your intelligence (+6).
 B - a +5 spear of flaming
 I - a +4 heavy hand axe
 M - the +8 glaive of the Bespelling Gods {spect, rPois rF+ Will+ Int+3}
   (You bought it in a shop on level 3 of the Dungeon)

   Int:       It affects your intelligence (+3).
   rF:        It protects you from fire.
   rPois:     It protects you from poison.
   Will:      It increases your willpower.
 R - a +5 scimitar
Missiles
 i - 4 javelins (quivered)
 x - 7 silver javelins
 y - 19 poisoned darts
 S - 5 curare-tipped darts
 W - 2 boomerangs of dispersal
Armour
 g - a +0 pair of boots (worn)
 k - a +0 pair of gloves (worn)
 n - the +0 kite shield "Reed" (worn) {rElec Will+ Stlth+}
   (You acquired it on level 9 of the Dungeon)

   rElec:     It insulates you from electricity.
   Will:      It increases your willpower.
   Stlth:     It makes you more stealthy.
 s - the +1 pair of gloves of Liweowk {rF- rC- rN+++ Stlth+}
   (You found it on level 5 of the Lair of Beasts)

   rF:        It makes you vulnerable to fire.
   rC:        It makes you vulnerable to cold.
   rN:        It renders you almost immune to negative energy.
   Stlth:     It makes you more stealthy.
 t - a +0 ring mail of cold resistance
 z - a +0 plate armour (worn)
 A - a +0 cloak (worn)
 N - +0 fire dragon scales
 X - a +0 hat (worn)
Jewellery
 q - a ring of see invisible (left hand)
 P - the ring "Lules" (right hand) {rPois MP+9 Int+5}
   (You bought it in a shop on level 1 of the Dungeon)

   [ring of magical power]

   Int:       It affects your intelligence (+5).
   rPois:     It protects you from poison.
   MP:        It affects your magic capacity (+9).
 V - an amulet of reflection (around neck)
Wands
 d - a wand of roots (33)
 m - a wand of digging (19)
 G - a wand of polymorph (7)
 J - a wand of flame (23)
 Q - a wand of acid (22)
 Y - a wand of charming (22)
Scrolls
 j - 2 scrolls of fog
 u - 4 scrolls of poison
 v - 5 scrolls of silence
 C - 2 scrolls of teleportation
 D - a scroll of blinking
 E - 2 scrolls of fear
 L - 2 scrolls of enchant armour
 Z - 2 scrolls of summoning
Potions
 a - 3 potions of flight
 b - 7 potions of mutation
 l - 3 potions of berserk rage
 o - 3 potions of curing
 r - 3 potions of resistance
 w - a potion of invisibility
 H - 5 potions of lignification
 K - 2 potions of cancellation
 O - a potion of might
 U - a potion of haste
Miscellaneous
 c - a piece from Xom's chessboard (15/15)


   Skills:
 + Level 12.0 Fighting
 + Level 5.2 Long Blades
 + Level 15.1(15.8) Axes
 + Level 7.9(12.5) Polearms
 + Level 9.3 Throwing
 * Level 15.7 Armour
 + Level 6.5 Dodging
 + Level 12.0 Shields
 + Level 7.9 Evocations


You had 14 spell levels left.
You didn't know any spells.
Your spell library contained the following spells:

 Spells                   Type           Power      Damage    Failure   Level
 Sandblast                Erth           0%         2d4       92%         1
 Shock                    Conj/Air       0%         1d3       92%         1
 Blink                    Tloc           0%         N/A       98%         2
 Lesser Beckoning         Tloc           0%         N/A       98%         2
 Momentum Strike          Conj/Tloc      0%         3d8       98%         2
 Passwall                 Tmut/Erth      0%         N/A       98%         2
 Gell's Gravitas          Tloc           0%         N/A       100%        3
 Inner Flame              Hex/Fire       0%         N/A       100%        3
 Ozocubu's Armour         Ice            0%         N/A       100%        3
 Stone Arrow              Conj/Erth      0%         3d7       100%        3
 Swiftness                Air            0%         N/A       100%        3
 Teleport Other           Tloc           0%         N/A       100%        3
 Vhi's Electric Charge    Tloc/Air       0%         N/A       100%        3
 Airstrike                Air            0%         2d(0-16)  100%        4
 Flame Wave               Conj/Fire      0%         2d4       100%        4
 Leda's Liquefaction      Hex/Erth       0%         N/A       100%        4
 Passage of Golubria      Tloc           0%         N/A       100%        4
 Sticky Flame             Conj/Fire      0%         2d3       100%        4
 Arcjolt                  Conj/Air       0%         1d10      100%        5
 Borgnjor's Vile Clutch   Necr/Erth      0%         N/A       100%        5
 Metabolic Englaciation   Hex/Ice        0%         N/A       100%        5
 Silence                  Hex/Air        0%         N/A       100%        5
 Plasma Beam              Fire/Air       0%         2x1d11    100%        6
 Simulacrum               Ice/Necr       0%         N/A       100%        6
 Lehudib's Crystal Spear  Conj/Erth      0%         10d2      100%        8
 Shatter                  Erth           0%         3d5*      100%        9


Dungeon Overview and Level Annotations

Branches:
Dungeon (13/15)            Temple (1/1) D:4            Lair (5/5) D:9
  Swamp (0/4) Lair:3        Snake (1/4) Lair:3        Slime (0/5) Lair:4
    Orc (2/2) D:10
    Elf: Orc:2       Vaults: D:13-14

Altars:
Ashenzari
Cheibriados
Dithmenos
Elyvilon
Fedhas
Gozag
Hepliaklqana
Kikubaaqudgha
Makhleb
Nemelex Xobeh
Okawaru
Qazlal
Ru
Sif Muna
Trog
Uskayaw
Vehumet
Wu Jian
Xom
Yredelemnul
Zin
The Shining One
Jiyva

Shops:
D:1 =   D:3 (   D:6 *   D:9 **   Orc:2 (

Portals:
Trove: D:11 (give +3 shadow dragon scales)

Annotations:
D:3 1 runed translucent door, Crazy Yiuf
Lair:4 1 runed translucent door


Innate Abilities, Weirdness & Mutations

You have a pair of horns on your head.
You reflexively headbutt those who attack you in melee.


Message History

You block the anaconda's attack. The anaconda constricts you.
You slash the anaconda! You burn the anaconda.
Your headbutt misses the anaconda.
The anaconda is severely wounded.
You feel sick. The anaconda barely misses you. The anaconda constricts you.
* * * LOW HITPOINT WARNING * * *
You block the anaconda's attack. The anaconda constricts you.
* * * LOW HITPOINT WARNING * * *
You slash the anaconda! You burn the anaconda.
The anaconda is almost dead.
You feel sick. The anaconda bites you.
* * * LOW HITPOINT WARNING * * *
The anaconda constricts you.
* * * LOW HITPOINT WARNING * * *
The anaconda bites you!
* * * LOW HITPOINT WARNING * * *
The anaconda constricts you.
* * * LOW HITPOINT WARNING * * *
You feel better.
The anaconda bites you but does no damage.
The anaconda constricts you.
* * * LOW HITPOINT WARNING * * *
You block the anaconda's attack. The anaconda constricts you.
* * * LOW HITPOINT WARNING * * *
You closely miss the anaconda.
The anaconda is almost dead.
The anaconda bites you.
* * * LOW HITPOINT WARNING * * *
The anaconda constricts you.
* * * LOW HITPOINT WARNING * * *
You block the anaconda's attack. The anaconda constricts you.
* * * LOW HITPOINT WARNING * * *
You feel better.
The anaconda bites you but does no damage.
The anaconda constricts you.
* * * LOW HITPOINT WARNING * * *
The anaconda bites you!
* * * LOW HITPOINT WARNING * * *
The anaconda constricts you.
You die...

##.....####
##.......#.##
............#
#...........##
.............#
#........#.##
#.......#..#
..#.<..###.##
###### #@.#
#†S# ##..#
...# ....#
#....# .....#
.[....


You could see an anaconda.

Vanquished Creatures
  Rupert (Lair:3)
  Nessos (Lair:3)
  A fire dragon (Lair:5)
  A rakshasa (D:12)
  4 hydras
  A jorogumo (shapeshifter) (D:12)
  2 centaur warriors (D:13)
  An ogre mage (D:12)
  A catoblepas (Lair:4)
  2 boulder beetles
  5 two-headed ogres
  5 death yaks
  Urug (Orc:1)
  3 skysharks
  A phantasmal warrior (D:12)
  A lindwurm (Lair:5)
  3 deep elf pyromancers (D:12)
  3 ugly things
  A wolf spider (Lair:5)
  2 cyclopes (D:12)
  A salamander (Lair:3)
  3 manticores (D:12)
  10 elephants
  A guardian serpent (Lair:5)
  8 black mambas
  6 torpor snails
  An unseen horror (D:8)
  18 cane toads
  4 kobold demonologists
  13 komodo dragons
  3 rime drakes
  A tengu conjurer (D:12)
  4 tyrant leeches (Lair:5)
  3 polar bears
  4 trolls
  11 hornets (Lair:5)
  23 blink frogs
  24 dream sheep
  A slime creature (D:13)
  4 shadows
  3 wraiths
  43 yaks
  11 wyverns
  5 basilisks
  A steam dragon (D:6)
  7 vampire mosquitoes
  2 wargs
  3 redbacks (Lair:5)
  3 acid dragons
  27 water moccasins
  8 orc warriors
  5 ice beasts
  6 black bears
  3 ogres
  3 sky beasts
  12 centaurs
  11 wolves
  3 phantoms
  4 kobold brigands
  17 bullfrogs
  2 gnoll sergeants
  3 scorpions
  A hornet simulacrum (D:13)
  14 wights
  2 killer bees
  An electric eel (Lair:3)
  A howler monkey (D:10)
  4 lava snakes (Lair:3)
  2 hounds (D:6)
  A jelly (D:8)
  11 orc priests
  2 gnoll boudas
  6 iguanas
  Ijyb (D:3)
  Terence (D:3)
  2 sleepcaps
  14 orc wizards
  16 gnolls
  10 adders
  2 shadow imps (D:6)
  6 white imps
  A dart slug (D:3)
  54 orcs
  14 ball pythons
  7 endoplasms
  6 giant cockroaches
  10 goblins
  6 hobgoblins
  3 quokkas
  6 bats
  4 frilled lizards
  9 kobolds
  6 rats
588 creatures vanquished.

Notes
Turn   | Place    | Note
-------+----------+-------------------------------------------
     0 | D:1      | seaoflcl the Minotaur Fighter began the quest for the Orb.
     0 | D:1      | Reached XP level 1. HP: 19/19 MP: 0/0
    85 | D:1      | Found Newes's Jewellery Emporium.
   156 | D:1      | Found a faded altar of an unknown god.
   161 | D:1      | Reached XP level 2. HP: 27/27 MP: 1/1
   752 | D:1      | You fall into a shaft and drop 1 floor!
   995 | D:2      | Reached XP level 3. HP: 33/33 MP: 2/2
  1437 | D:2      | Reached XP level 4. HP: 40/40 MP: 3/3
  1486 | D:2      | Reached skill level 1 in Throwing
  1744 | D:3      | Noticed Ijyb
  1755 | D:3      | Killed Ijyb
  2041 | D:3      | Noticed Terence
  2056 | D:3      | Killed Terence
  2057 | D:3      | Reached XP level 5. HP: 21/47 MP: 4/4
  2159 | D:3      | Found Ronnau's Weapon Boutique.
  3062 | D:3      | Found a runed translucent door.
  3063 | D:3      | Noticed Crazy Yiuf
  3280 | D:4      | Noticed a phantom
  3290 | D:4      | Killed a phantom
  3291 | D:4      | Reached skill level 5 in Axes
  3291 | D:4      | Reached XP level 6. HP: 50/55 MP: 5/5
  3354 | D:4      | Noticed an ice beast
  3355 | D:4      | Reached skill level 5 in Fighting
  3355 | D:4      | Reached skill level 5 in Armour
  3355 | D:4      | Reached skill level 5 in Shields
  3368 | D:4      | Killed an ice beast
  3523 | D:4      | Found a staircase to the Ecumenical Temple.
  3567 | Temple   | Entered the Ecumenical Temple
  3763 | Temple   | Became a worshipper of the Shining One
  3859 | D:4      | Reached XP level 7. HP: 61/61 MP: 6/6
  4237 | D:5      | Entered Level 5 of the Dungeon
  5103 | D:5      | Found a burning altar of Makhleb.
  5939 | D:6      | Reached XP level 8. HP: 67/70 MP: 7/7
  6005 | D:6      | Identified a scroll of acquirement
  6012 | D:6      | Acquired a +4 war axe of freezing
  6025 | D:6      | Found a bloodstained altar of Trog.
  6032 | D:6      | Reached skill level 1 in Evocations
  6424 | D:6      | Reached * piety under the Shining One
  6561 | D:6      | Found Xiukos's Assorted Antiques.
  6606 | D:6      | Found an iron altar of Okawaru.
  6607 | D:6      | Found an opulent altar of Gozag.
  7372 | D:7      | Reached XP level 9. HP: 26/78 MP: 8/8
  8416 | D:7      | Reached ** piety under the Shining One
  8878 | D:8      | Identified the +10 quarterstaff of Income {heavy, rCorr
                  | Str+2 Int+3 Dex+2}
  8952 | D:8      | Reached skill level 5 in Throwing
  8952 | D:8      | Reached XP level 10. HP: 86/86 MP: 9/9
  9561 | D:8      | Reached skill level 10 in Axes
  9865 | D:9      | Reached *** piety under the Shining One
  9966 | D:9      | Reached skill level 10 in Armour
  9967 | D:9      | Identified the +5 mace "Puuxkyirr" {distort, Drain rCorr
                  | Dex+4 Stlth+}
 10266 | D:9      | Acquired the +0 kite shield "Reed" {rElec Will+ Stlth+}
 10353 | D:9      | Found Gilujom's Specific Store.
 10353 | D:9      | Found Seamm's General Store.
 10413 | D:9      | Bought a scroll of identify for 30 gold pieces
 10597 | D:9      | Reached XP level 11. HP: 95/95 MP: 10/10
 10627 | D:9      | Found a hazy altar of Hepliaklqana.
 10697 | D:9      | Noticed a two-headed ogre
 10701 | D:9      | Killed a two-headed ogre
 10874 | D:9      | Found a staircase to the Lair.
 10999 | D:9      | Found a glowing silver altar of Zin.
 11254 | D:10     | Entered Level 10 of the Dungeon
 11443 | D:10     | Noticed a two-headed ogre
 11453 | D:10     | Killed a two-headed ogre
 11459 | D:10     | Reached **** piety under the Shining One
 11712 | D:10     | Found a staircase to the Orcish Mines.
 11896 | D:10     | Noticed a lindwurm
 12203 | D:11     | Identified the +1 spear "Mitattun" {drain, Dex+3}
 12236 | D:11     | Reached skill level 1 in Polearms
 12413 | D:11     | Reached skill level 5 in Evocations
 12483 | D:11     | Noticed a boulder beetle
 12488 | D:11     | Killed a boulder beetle
 12635 | D:11     | Noticed a red ugly thing
 12642 | D:11     | Killed a red ugly thing
 12643 | D:11     | Noticed a sun demon
 12667 | D:11     | Noticed a sixfirhy
 12673 | D:11     | Noticed a sun demon
 12827 | D:11     | Noticed a two-headed ogre
 12833 | D:11     | Killed a two-headed ogre
 13125 | D:11     | Found a portal to a secret trove of treasure.
 13237 | Lair:1   | Entered Level 1 of the Lair of Beasts
 13248 | Lair:1   | Reached XP level 12. HP: 32/105 MP: 11/11
 14230 | Lair:2   | Found an iron altar of Okawaru.
 14402 | Lair:2   | Noticed a four-headed hydra
 14417 | Lair:2   | Killed a four-headed hydra
 14418 | Lair:2   | Reached skill level 1 in Dodging
 14542 | Lair:2   | Noticed a four-headed hydra
 14550 | Lair:2   | Killed a four-headed hydra
 15022 | Lair:2   | Reached skill level 10 in Fighting
 15022 | Lair:2   | Reached skill level 10 in Shields
 15707 | Lair:3   | Noticed Nessos
 15716 | Lair:3   | Killed Nessos
 15791 | Lair:3   | Found a staircase to the Swamp.
 16021 | Lair:3   | Noticed Rupert
 16036 | Lair:3   | Killed Rupert
 16037 | Lair:3   | Reached skill level 5 in Polearms
 16037 | Lair:3   | Reached XP level 13. HP: 62/114 MP: 12/12
 16885 | Lair:3   | Found a staircase to the Snake Pit.
 17197 | Lair:4   | Reached ***** piety under the Shining One
 17215 | Lair:4   | Identified the +3 ring mail "Acyxan" {-Cast rCorr Str+7
                  | SInv}
 17883 | Lair:4   | Reached skill level 1 in Long Blades
 18239 | Lair:4   | Found a runed translucent door.
 18240 | Lair:4   | Found a viscous altar of Jiyva.
 18240 | Lair:4   | Found a staircase to the Slime Pits.
 18620 | Lair:5   | Entered Level 5 of the Lair of Beasts
 18827 | Lair:4   | Reached XP level 14. HP: 71/124 MP: 13/13
 19423 | Lair:5   | Reached skill level 5 in Dodging
 20389 | Lair:5   | Found a runed translucent door.
 21010 | Lair:5   | Paralysed by a hornet for 3 turns
 21012 | Lair:5   | HP: 5/124 [hornet (7)]
 21334 | Lair:5   | Reached skill level 15 in Armour
 21502 | Lair:5   | Identified the +1 pair of gloves of Liweowk {rF- rC- rN+++
                  | Stlth+}
 22214 | D:3      | Bought the +8 glaive of the Bespelling Gods {spect, rPois
                  | rF+ Will+ Int+3} for 949 gold pieces
 22273 | D:1      | Bought the ring "Lules" {rPois MP+9 Int+5} for 417 gold
                  | pieces
 22689 | Lair:5   | Got Juewnuwkoe's Omnibus of Oromancy
 23313 | Orc:1    | Entered Level 1 of the Orcish Mines
 23331 | Orc:1    | Noticed Urug
 23350 | Orc:1    | Killed Urug
 23582 | Orc:2    | Entered Level 2 of the Orcish Mines
 23582 | Orc:2    | Found Rexegrap's Antique Weapon Shop.
 23586 | Orc:2    | Paralysed by an orc sorcerer for 5 turns
 24428 | D:12     | Reached XP level 15. HP: 132/132 MP: 14/14
 24439 | D:12     | Identified the +4 falchion of the Spider Nest {pain, Str+2}
 24452 | D:12     | Reached skill level 5 in Long Blades
 24452 | D:12     | Reached skill level 15 in Axes
 25000 | D:12     | Identified the +10 falchion "Jytzo" {flame, Int+6}
 25800 | D:13     | Reached ****** piety under the Shining One
 26271 | Snake:1  | Entered Level 1 of the Snake Pit
 26297 | Snake:1  | HP: 2/132 [anaconda (10)]
 26297 | Snake:1  | Constricted to death by an anaconda

Illustrated notes

Levels and vault maps discovered:
D:1:      giann_bridges, layout_loops_ring, ebering_ecumenical_altar_box,
          serial_shops, shop, nrook_mini_backslash,
          chequers_serial_rivers_micro_d, grunt_decor_clamped, minivault_11
D:2:      layout_basic, minmay_misc_feat_encased, minmay_snake_closets
D:3:      layout_basic, serial_shops, nicolae_shop_waterfront,
          minmay_misc_feat_cross, uniq_ijyb, uniq_crazy_yiuf_cottage,
          uniq_terence
D:4:      layout_gridville, minmay_temple_entry_butterflies, minmay_checkerbox
D:5:      layout_layer_cave, mainiacjoe_overflow_paths,
          hangedman_decor_slide_cut
D:6:      layout_layer_cave, trog_ov_bears_minmay,
          gammafunk_temple_overflow_statue, serial_shops,
          nicolae_shop_hallway_stairs, nicolae_nh_ransacked_shop
D:7:      layout_loops_corners
D:8:      cheibrodos_barr_body, layout_rooms, dreamdust_princess_corridor
D:9:      minmay_the_grid_square_5x5_3x3 [minmay_the_grid_square_5x5_gyroscope,
          minmay_the_grid_square_5x5_two, minmay_the_grid_square_5x5_two_small,
          minmay_the_grid_square_5x5_empty,
          minmay_the_grid_square_5x5_megaprize_hollow,
          minmay_the_grid_square_5x5_forky, minmay_the_grid_square_5x5_shrine1,
          minmay_the_grid_square_5x5_inner_i,
          minmay_the_grid_square_5x5_trominoes], layout_irregular_city,
          nicolae_overflow_crystal_walls, marbit_many_paths,
          grunt_lair_entry_orc_guard_hut, nicolae_specific_store,
          grunt_ogre_cave, minmay_misc_feat_ornament
D:10:     layout_grid_maze, erik_orc_4, minmay_lindwurm_lava
D:11:     layout_irregular_city, nicolae_trove_entry_diagonal
D:12:     minmay_connected_boxes_in_corner, layout_cave_pools
D:13:     minmay_gate_of_8, layout_cave_pools, david_vaults_3, serial_ice,
          serial_ice_k, serial_ice_d, serial_ice_f, serial_ice_o
Temple:   regret_index_temple_sphere_string
Lair:1:   layout_hall_layers, serial_forest, infiniplex_forest_3_way,
          infiniplex_forest_clump_tiny, infiniplex_forest_corner_1,
          infiniplex_forest_clump_large, infiniplex_forest_lined_4_way,
          infiniplex_forest_clump_double, infiniplex_forest_lined_2,
          infiniplex_forest_lined_2
Lair:2:   layout_regular_city, basic_altar, lemuel_fruit_tree,
          grunt_megastairs_3, lemuel_fruit_fields, serial_bayou_shore_a
Lair:3:   layout_loops_ring, swamp_mist, nicolae_snake_entry_warm_welcome,
          infiniplex_staircase_pool, uniq_nessos, uniq_rupert
Lair:4:   layout_gridlike, slime_entry_2
Lair:5:   hangedman_lair_tendril_chambers, layout_cave_pods, wormcave
Snake:1:  nicolae_snake_attic_fulla_snakes, layout_cave_pods,
          gammafunk_ghost_berserking_beasts, nicolae_snake_gridmaze_entwining,
          serial_nicolae_subway, nicolae_sub_station_metal,
          nicolae_sub_station_stone, nicolae_sub_station_crystal
Orc:1:    layout_caves, uniq_fannar, uniq_urug
Orc:2:    grunt_orc_gardens, layout_caves, grunt_orc_garden, grunt_orc_garden,
          grunt_orc_garden, grunt_orc_garden

Skill      XL: |  1  2  3  4  5  6  7  8  9 10 11 12 13 14 15 |
---------------+----------------------------------------------+-----
Axes           | 3 4 5 6 8 9 11 12 13 14 15 | 15.1
Fighting       | 4 5 6 7 8 9 10 11 12 | 12.0
Shields        | 4 5 6 7 8 9 10 11 12 | 12.0
Armour         | 4 5 7 8 10 11 13 14 15 | 15.7
Throwing       | 1 2 3 4 5 6 7 8 9 |  9.3
Evocations     | 2 3 4 5 6 7 |  7.9
Polearms       | 2 5 6 7 |  7.9
Dodging        | 3 4 6 |  6.5
Long Blades    | 2 4 5 |  5.2

Action                     |  1- 3 |  4- 6 |  7- 9 | 10-12 | 13-15 || total
---------------------------+-------+-------+-------+-------+-------++-------
  Melee: War axe           |    79 |   100 |   236 |   436 |   618 ||  1469
         Headbutt          |    10 |    14 |    51 |   143 |   172 ||   390
         Spear             |       |       |       |    13 |    10 ||    23
         Falchion          |       |       |       |       |    61 ||    61
  Throw: Javelin           |       |     3 |       |    28 |    20 ||    51
         Throwing net      |       |       |       |       |     1 ||     1
 Invoke: Cleansing Flame   |       |       |       |     1 |       ||     1
  Evoke: Wand              |       |       |       |     1 |       ||     1
    Use: Potion            |       |     1 |       |       |    20 ||    21
         Scroll            |       |       |    12 |     7 |    15 ||    34
 Armour: Scale mail        |    37 |    24 |       |       |       ||    61
         Chain mail        |       |    21 |    19 |       |       ||    40
         Plate armour      |       |       |   124 |   216 |   320 ||   660
  Dodge: Dodged            |    31 |    48 |    82 |   117 |   177 ||   455
  Block: Buckler           |    18 |    24 |    60 |    37 |       ||   139
         Kite shield       |       |       |       |   242 |   557 ||   799
         Reflection        |       |       |       |    11 |    29 ||    40
